 Dungeon Sprint DCSS version 0.28-a0-794-gafe8c5f9e9 (webtiles) character file.

Game seed: 11067485190349529131

21224 mhtbhm the Shatterer (level 12, -5/139 HPs)
             Began as a Minotaur Berserker on Nov 6, 2021.
             Was the Champion of Trog.
             Hit by a large rock thrown by a stone giant (51 damage)
             ... in the Dungeon (Sprint IX: "|||||||||||||||||||||||||||||").
             The game lasted 00:04:55 (2273 turns).

mhtbhm the Shatterer (Minotaur Berserker)           Turns: 2273, Time: 00:04:56

Health: -5/139     AC: 19    Str: 33    XL:     12   Next: 52%
Magic:  11/11      EV: 16    Int:  4    God:    Trog [******]
Gold:   157        SH:  5    Dex: 10    Spells: 11/11 levels left

rFire   . . .      SeeInvis .   a - +9 great mace of Raif {vorpal, +Blink Fly rElec rC+ rCorr}
rCold   + . .      Faith    .   (shield currently unavailable)
rNeg    . . .      Spirit   .   b - +2 scale mail {rPois}
rPois   +          Reflect  +   n - +1 hat
rElec   +          Harm     .   k - +0 cloak
rCorr   +          Rampage  .   s - +1 pair of gloves
Will    .....      NoTele   +   l - +1 pair of boots
Stlth   +.........              v - amulet of reflection
HPRegen 0.33/turn               m - +2 ring of evasion
MPRegen 0.12/turn               x - +6 ring of strength

@: on berserk cooldown, flying, slowed, very slow
A: horns 2, retaliatory headbutt
a: Renounce Religion, Evoke Blink, Berserk, Trog's Hand, Brothers in Arms


You were in the Dungeon.
You worshipped Trog.
Trog was exalted by your worship.
You visited 1 branch You collected 1929 gold pieces.
You spent 1772 gold pieces at shops.

Inventory:

Hand Weapons
 a - the +9 great mace of Raif (weapon) {vorpal, +Blink Fly rElec rC+ rCorr}
   (Trog gifted it to you in the Dungeon)

   It inflicts extra damage upon your enemies.
   rC:        It protects you from cold.
   rElec:     It insulates you from electricity.
   Fly:       It grants you flight.
   +Blink:    It lets you blink.
   rCorr:     It protects you from acid and corrosion.
 u - a +6 antimagic great mace
 w - the +8 mithril axe "Arga" {speed, Will+}
   (You bought it in a shop in the Dungeon)

   Attacks with this weapon are significantly faster.
   Will:      It increases your willpower.
Missiles
 t - a boomerang of dispersal (quivered)
 y - 2 throwing nets
Armour
 b - a +2 scale mail of poison resistance (worn)
 k - a +0 cloak (worn)
 l - a +1 pair of boots (worn)
 n - a +1 hat (worn)
 s - a +1 pair of gloves (worn)
Jewellery
 m - a +2 ring of evasion (left hand)
 v - an amulet of reflection (around neck)
 x - a +6 ring of strength (right hand)
 A - a ring of poison resistance
 B - a ring of protection from fire
 C - a ring of see invisible
 D - a ring of protection from fire
Wands
 j - a wand of iceblast (15)
Scrolls
 h - 2 scrolls of blinking
 p - 4 scrolls of enchant weapon
 r - 4 scrolls of enchant armour
 E - a scroll of fear
 F - 2 scrolls of fog
Potions
 c - 8 potions of curing
 d - 6 potions of heal wounds
 e - a potion of haste
 f - 4 potions of magic
 g - 3 potions of berserk rage
 i - a potion of invisibility
 o - a potion of resistance
 z - a potion of lignification


   Skills:
 + Level 22.9 Fighting
 + Level 24.6 Maces & Flails
 + Level 13.6 Armour
 + Level 11.6 Dodging
 + Level 4.4 Stealth
 + Level 1.3 Shields


You had 11 spell levels left.
You didn't know any spells.
Your spell library was empty.

Dungeon Overview and Level Annotations

Branches:
Dungeon (1/1)

Altars:
Cheibriados
Dithmenos
Elyvilon
Fedhas
Gozag
Hepliaklqana
Kikubaaqudgha
Makhleb
Nemelex Xobeh
Okawaru
Qazlal
Ru
Sif Muna
Trog
Uskayaw
Vehumet
Wu Jian
Xom
Yredelemnul
Zin
The Shining One
Beogh
Jiyva
Lugonu

Shops:
D =((:


Innate Abilities, Weirdness & Mutations

You have a pair of horns on your head.
You reflexively headbutt those who attack you in melee.


Message History

You pound the ice dragon like an anvil!!!!
You feel the power of Trog in you as your rage grows.
You kill the ice dragon!
Trog accepts your kill.
You feel a strong urge to attack something.
Things that are here:
a +1 dire flail of draining; a +0 dire flail You feel your anger nearly subside.
You start resting.
You are no longer berserk.
You are exhausted.
You feel yourself slow down.
You start resting.
A stone giant comes into view.
A stone giant is nearby!
A stone giant is nearby!
A stone giant is nearby!
The stone giant throws a large rock.
The large rock completely misses you.
You see here +1 ice dragon scales.
You see here +0 storm dragon scales.
The stone giant throws a large rock.
The large rock hits you!!!
* * * LOW HITPOINT WARNING * * *
You see here a +2 plate armour.
Okay, then.
Your magic is already full.
You feel much better.
Unknown command.
Your cyclops goes berserk!
The stone giant throws a large rock.
The large rock hits your cyclops!!
Unknown command.
The stone giant throws a large rock.
The large rock hits your cyclops!
A spark wasp comes into view.
You see here +1 ice dragon scales.
The stone giant hits your cyclops!
Your cyclops hits the stone giant!
You see here the +1 chain mail of the Skies Above {MP+9 Int+4}.
The stone giant throws a large rock.
The large rock hits your cyclops!!!
Your cyclops dies!
Your cyclops's corpse disappears in a puff of smoke!
The stone giant throws a large rock.
The large rock hits you!!!
You die...

).....÷÷†††.....††))'......)).!..
▓▓▓▓▓▓▓▓▓▓▓▓▓▓▓▓▓▓▓▓▓▓▓▓▓▓▓▓▓▓▓▓▓
.................................
▓▓▓▓▓▓▓▓▓▓▓▓▓▓▓▓▓▓▓▓▓▓▓▓▓▓▓▓▓▓▓▓▓
)).....)))))))).....)))))))))....
▓▓▓▓▓▓▓▓▓▓▓▓▓▓▓▓▓▓▓▓▓▓▓▓▓▓▓▓▓▓▓▓▓
......[..........................
▓▓▓▓▓▓▓▓▓▓▓▓▓▓▓▓▓▓▓▓▓▓▓▓▓▓▓▓▓▓▓▓▓
)))....y.C[[[[[.@[.)))))))).....'
▓▓▓▓▓▓▓▓▓▓▓▓▓▓▓▓▓▓▓▓▓▓▓▓▓▓▓▓▓▓▓▓▓


You could see a stone giant.

Vanquished Creatures
  Gastronok (D)
  An ice dragon (D)
  Harold (D)
  A hydra (D)
  A catoblepas (D)
  A rakshasa (D)
  A centaur warrior (D)
  An orc high priest (D)
  A wizard (D)
  4 lindwurms (D)
  7 orc knights (D)
  2 orc sorcerers (D)
  2 manticores (D)
  2 ugly things (D)
  4 cane toads (D)
  An unseen horror (D)
  A komodo dragon (D)
  2 trolls (D)
  A hornet (D)
  2 tyrant leeches (D)
  A blink frog (D)
  2 slime creatures (D)
  A wyvern (D)
  5 yaks (D)
  A wraith (D)
  Grum (D)
  3 water moccasins (D)
  8 orc warriors (D)
  A black bear (D)
  A necrophage (D)
  3 wolves (D)
  3 bullfrogs (D)
  A howler monkey (D)
  An orc priest (D)
  4 orc wizards (D)
  2 worms (D)
  10 orcs (D)
  A bat skeleton (D)
  A hobgoblin (D)
  A jackal (D)
  A quokka (D)
  A bat (D)
  A frilled lizard (D)
  A jackal zombie (D)
  A quokka zombie (D)
93 creatures vanquished.

Vanquished Creatures (collateral kills)
  An ettin (D)
  An orc high priest (D)
  An orc knight (D)
  2 orc sorcerers (D)
  An orc warrior (D)
  3 orcs (D)
9 creatures vanquished.

Grand Total: 102 creatures vanquished

Notes
Turn   | Place    | Note
-------+----------+-------------------------------------------
     0 | D        | mhtbhm the Minotaur Berserker began the quest for the Orb.
     0 | D        | Reached XP level 1. HP: 19/19 MP: 0/0
     7 | D        | Reached skill level 4 in Maces & Flails
     9 | D        | Reached ** piety under Trog
   185 | D        | Noticed a necrophage
   185 | D        | Noticed a black bear
   189 | D        | Killed a black bear
   190 | D        | Reached skill level 7 in Maces & Flails
   190 | D        | Reached XP level 2. HP: 21/34 MP: 1/1
   190 | D        | Reached XP level 3. HP: 23/39 MP: 2/2
   190 | D        | Reached XP level 4. HP: 28/47 MP: 3/3
   191 | D        | Reached *** piety under Trog
   193 | D        | Killed a necrophage
   194 | D        | Reached skill level 9 in Maces & Flails
   194 | D        | Reached XP level 5. HP: 35/56 MP: 4/4
   195 | D        | Reached **** piety under Trog
   201 | D        | Found a snail-covered altar of Cheibriados.
   201 | D        | Found a shadowy altar of Dithmenos.
   201 | D        | Found a white marble altar of Elyvilon.
   201 | D        | Found a blossoming altar of Fedhas.
   201 | D        | Found an opulent altar of Gozag.
   202 | D        | Found a hazy altar of Hepliaklqana.
   203 | D        | Found a viscous altar of Jiyva.
   204 | D        | Found an ancient bone altar of Kikubaaqudgha.
   205 | D        | Found a corrupted altar of Lugonu.
   206 | D        | Found a burning altar of Makhleb.
   207 | D        | Found a sparkling altar of Nemelex Xobeh.
   208 | D        | Found an iron altar of Okawaru.
   209 | D        | Found a stormy altar of Qazlal.
   210 | D        | Found a sacrificial altar of Ru.
   211 | D        | Found a shimmering blue altar of Sif Muna.
   212 | D        | Found a bloodstained altar of Trog.
   213 | D        | Found a hide-covered altar of Uskayaw.
   214 | D        | Found a radiant altar of Vehumet.
   215 | D        | Found an ornate altar of the Wu Jian Council.
   216 | D        | Found a shimmering altar of Xom.
   217 | D        | Found a basalt altar of Yredelemnul.
   218 | D        | Found a glowing silver altar of Zin.
   219 | D        | Found a glowing golden altar of the Shining One.
   361 | D        | Noticed a yak
   361 | D        | Noticed a hornet
   373 | D        | Killed a hornet
   374 | D        | Reached skill level 10 in Fighting
   374 | D        | Reached skill level 11 in Maces & Flails
   374 | D        | Reached skill level 5 in Dodging
   374 | D        | Reached XP level 6. HP: 67/67 MP: 5/5
   375 | D        | Reached ***** piety under Trog
   382 | D        | Killed an unseen horror
   383 | D        | Reached skill level 13 in Maces & Flails
   383 | D        | Reached XP level 7. HP: 77/77 MP: 6/6
   389 | D        | Killed a yak
   394 | D        | Reached skill level 14 in Maces & Flails
   452 | D        | Noticed a troll
   452 | D        | Noticed a slime creature
   452 | D        | Noticed a manticore
   452 | D        | Noticed a green ugly thing
   452 | D        | Noticed a troll
   452 | D        | Noticed a wraith
   456 | D        | Killed a wraith
   457 | D        | Reached XP level 8. HP: 85/85 MP: 7/7
   460 | D        | Killed a troll
   460 | D        | Received a gift from Trog
   461 | D        | Reached skill level 1 in Stealth
   465 | D        | Killed a green ugly thing
   466 | D        | Reached skill level 15 in Maces & Flails
   468 | D        | Killed a manticore
   469 | D        | Reached skill level 16 in Maces & Flails
   469 | D        | Reached XP level 9. HP: 96/96 MP: 8/8
   476 | D        | Killed a troll
   477 | D        | Reached skill level 15 in Fighting
   658 | D        | Noticed a cane toad
   664 | D        | Reached skill level 17 in Maces & Flails
   668 | D        | Received a gift from Trog
   674 | D        | Killed a cane toad
   684 | D        | Reached skill level 18 in Maces & Flails
   686 | D        | Received a gift from Trog
   714 | D        | Noticed a cane toad
   714 | D        | Noticed a cane toad
   717 | D        | Reached skill level 10 in Armour
   717 | D        | Noticed a komodo dragon
   717 | D        | Noticed a cane toad
   721 | D        | Reached XP level 10. HP: 108/108 MP: 9/9
   726 | D        | Killed a cane toad
   728 | D        | Killed a cane toad
   729 | D        | Reached skill level 19 in Maces & Flails
   733 | D        | Killed a cane toad
   733 | D        | Reached ****** piety under Trog
   839 | D        | Noticed a lindwurm
   839 | D        | Noticed a lindwurm
   839 | D        | Noticed a lindwurm
   839 | D        | Noticed a lindwurm
   842 | D        | Killed a lindwurm
   846 | D        | Killed a lindwurm
   846 | D        | Received a gift from Trog
   847 | D        | Reached skill level 20 in Maces & Flails
   852 | D        | Killed a lindwurm
   857 | D        | Killed a lindwurm
  1197 | D        | Noticed an orc knight
  1208 | D        | Killed an orc knight
  1208 | D        | Identified the +3 quarterstaff "Fiqicopp" {vorpal, rC+}
                  | (Trog gifted it to you in the Dungeon)
  1208 | D        | Received a gift from Trog
  1209 | D        | Reached XP level 11. HP: 121/121 MP: 10/10
  1219 | D        | Reached skill level 21 in Maces & Flails
  1222 | D        | Received a gift from Trog
  1294 | D        | Noticed an orc knight
  1307 | D        | Killed an orc knight
  1308 | D        | Noticed an orc high priest
  1312 | D        | Noticed a soul eater
  1319 | D        | Noticed an orc sorcerer
  1332 | D        | Noticed a sixfirhy
  1337 | D        | Killed an orc high priest
  1338 | D        | Killed an orc sorcerer
  1338 | D        | Received a gift from Trog
  1631 | D        | Found Couhor's Book Boutique.
  1631 | D        | Noticed an orc high priest
  1631 | D        | Noticed an orc sorcerer
  1631 | D        | Noticed an orc knight
  1631 | D        | Noticed an orc knight
  1632 | D        | Noticed an orc sorcerer
  1635 | D        | Noticed an orc knight
  1637 | D        | Killed an orc knight
  1638 | D        | Reached skill level 22 in Maces & Flails
  1643 | D        | Killed an orc knight
  1644 | D        | Reached skill level 10 in Dodging
  1644 | D        | Found Gotur's Antique Weapon Shop.
  1649 | D        | Killed an orc sorcerer
  1649 | D        | Received a gift from Trog
  1650 | D        | Noticed a sun demon
  1652 | D        | Killed an orc high priest
  1653 | D        | Noticed an orc knight
  1658 | D        | Killed an orc sorcerer
  1663 | D        | Killed an orc knight
  1663 | D        | Identified the +9 great mace of Raif {vorpal, +Blink Fly
                  | rElec rC+ rCorr} (Trog gifted it to you in the Dungeon)
  1663 | D        | Received a gift from Trog
  1664 | D        | Found Heopam's Weapon Boutique.
  1664 | D        | Noticed an orc knight
  1668 | D        | Noticed an orc sorcerer
  1670 | D        | Killed an orc knight
  1671 | D        | Found Amileq's Jewellery Shop.
  1675 | D        | Noticed a sun demon
  1684 | D        | Killed an orc knight
  1685 | D        | Killed an orc sorcerer
  1686 | D        | Reached skill level 23 in Maces & Flails
  1873 | D        | Bought an amulet of reflection for 360 gold pieces
  1880 | D        | Bought the +8 mithril axe "Arga" {speed, Will+} for 710
                  | gold pieces
  1880 | D        | Found the +8 mithril axe "Arga" {speed, Will+}
  1892 | D        | Bought a +6 ring of strength for 702 gold pieces
  1917 | D        | Noticed Grum
  1926 | D        | Killed Grum
  1935 | D        | Noticed Gastronok
  1942 | D        | Killed Gastronok
  1942 | D        | Received a gift from Trog
  1943 | D        | Reached XP level 12. HP: 136/136 MP: 11/11
  1964 | D        | Noticed Harold
  1971 | D        | Killed Harold
  2185 | D        | Noticed a centaur warrior
  2185 | D        | Noticed a catoblepas
  2192 | D        | Noticed a four-headed hydra
  2205 | D        | Noticed a rakshasa
  2210 | D        | Killed a catoblepas
  2210 | D        | Received a gift from Trog
  2219 | D        | Noticed an ettin
  2220 | D        | Killed a centaur warrior
  2221 | D        | Reached skill level 24 in Maces & Flails
  2226 | D        | Noticed an ettin
  2227 | D        | Noticed an ice dragon
  2229 | D        | Killed a rakshasa
  2230 | D        | Reached skill level 1 in Shields
  2234 | D        | Killed a four-headed hydra
  2234 | D        | Received a gift from Trog
  2242 | D        | Killed an ettin
  2252 | D        | Killed an ice dragon
  2263 | D        | Noticed a stone giant
  2270 | D        | Noticed a spark wasp
  2273 | D        | Hit by a large rock thrown by a stone giant

Illustrated notes

Levels and vault maps discovered:
D:        linesprint [early_d, line_temple, items_1, d_10, items_2, lair_1,
          lair_end, items_3, orc_1, orc_end, items_4, d_15, swamp_1, shoals_1,
          snake_1, spider_1, d_20, vaults_1, items_5, swamp_end, shoals_end,
          snake_end, spider_end, vaults_end, d_27, items_6, zot_1, zot_end,
          crypt_end, forest_end, elf_end, slime_end, tomb_end, abyss_end,
          pan_hell_end]

Skill      XL: |  1  2  3  4  5  6  7  8  9 10 11 12 |
---------------+-------------------------------------+-----
Fighting       | 7 8 10 12 14 16 18 21 22 | 22.9
Maces & Flails | 7 9 11 13 14 16 18 20 23 24 | 24.6
Armour         | 4 6 7 8 10 11 12 13 | 13.6
Dodging        | 3 5 6 8 9 10 11 | 11.6
Stealth        | 1 2 4 |  4.4
Shields        | 1 |  1.3

Action                   |  1- 3 |  4- 6 |  7- 9 | 10-12 || total
-------------------------+-------+-------+-------+-------++-------
Melee: Mace              |    11 |     5 |       |       ||    16
       Headbutt          |     1 |     2 |    11 |    43 ||    57
       Dire flail        |       |    19 |    54 |   125 ||   198
       Great mace        |       |       |       |    39 ||    39
Invok: Berserk           |     2 |     1 |     3 |     6 ||    12
       Brothers in Arms  |       |       |       |     4 ||     4
  Use: Potion            |       |       |       |     3 ||     3
       Scroll            |       |       |       |     2 ||     2
 Stab: Petrified         |       |       |       |     2 ||     2
Armor: Animal skin       |     3 |       |       |       ||     3
       Ring mail         |       |     7 |    14 |    21 ||    42
       Scale mail        |       |       |       |    14 ||    14
Dodge: Dodged            |     3 |     3 |    24 |    69 ||    99
Block: Other             |       |       |       |     3 ||     3

Table legend: (Time is in decaauts)
 A = Elapsed time spent in this place.
 B = Non-inter-level travel time spent in this place.
 C = Inter-level travel time spent in this place.
 D = Time resting spent in this place.
 E = Time spent auto-exploring this place.
 F = Levels seen in this place.
 G = Mean time per level.
                   A        B        C        D        E       F      G
               +--------+--------+--------+--------+--------+-----+--------+
         Total |   2257 |   2257 |      0 |   1167 |    385 |   1 | 2257.0 |
       Dungeon |   2257 |   2257 |      0 |   1167 |    385 |   1 | 2257.0 |
               +--------+--------+--------+--------+--------+-----+--------+

Top non-repeatable levels by time:
       D: 2257 daAuts
